[Event "*** Titled Tuesday Blitz"]
[Site "Chess.com"]
[Date "2020.04.28"]
[Round "8"]
[White "levallem"]
[Black "SlavenPastar"]
[Result "0-1"]
[WhiteElo "2210"]
[BlackElo "2376"]
[TimeControl "180+1"]
[EndTime "11:37:25 PDT"]
[Termination "SlavenPastar won by checkmate"]

1. d4 b6 2. e4 Bb7 3. Bd3 Nf6 4. Nc3 e6 5. Nf3 Bb4 6. Qe2 d5 7. exd5 Nxd5 8. Bd2 Nxc3 9. bxc3 Be7 10. O-O Nd7 11.
a4 a6 12. c4 Nf6 13. Rfe1 a5 14. Rab1 O-O 15. d5 Bc8 16. Bc3 Re8 17. dxe6 Bxe6 18. Ng5 Bg4 19. Qd2 h6 20. Ne4 Nxe4 21. Rxe4 Bf5 22. Rd4 Qc8 23. Re1 Bxd3 24. cxd3 Bf6 25. Rxe8+ Qxe8 26. Re4 Qd8 27. Bxf6 Qxf6 28. g3 Qa1+ 29.
Kg2 Qxa4 30. Re7 Qc6+ 31. Kg1 Rf8 32. Qf4 Qd6 33. Qxd6 cxd6 34. Rb7 Ra8 35. Rxb6 a4 36. Rb2 Kf8 37. f4 Ke7 38. Kf2 Kd7 39. Ke3 Kc6 40. Kd4 g5 41. f5 g4 42. Kc3 Ra5 43. f6 Kd7 44. d4 Ke6 45. Kb4 Ra8 46. Ra2 Kxf6 47.
Rxa4 Re8 48. Ra6 Ke7 49. Ra7+ Ke6 50. Kc3 Rb8 51. Ra2 h5 52. Re2+ Kd7 53. Rf2 Ke7 54. Kd3 Rb3+ 55. Ke4 Ke6 56. Re2 Rc3 57. d5+ Kf6 58. Kd4 Rf3 59. c5 dxc5+ 60. Kxc5 Rc3+ 61. Kd6 Rd3 62. Rf2+ Kg6 63. Ke5 Re3+ 64. Kd6 Rd3 65. Re2 f5 66. Re3 Rxe3 67. Kc6 Rd3 68. d6 Kg5 69. d7 f4 70. gxf4+ Kxf4 71. Kc7 Rxd7+ 72.
Kxd7 h4 73. Ke6 g3 74. hxg3+ hxg3 75. Kd5 g2 76. Kd4 g1=Q+ 77. Kd3 Qe3+ 78. Kc4 Ke4 79. Kb4 Kd5 80. Kb5 Qb3+ 81. Ka5 Kc6 82. Ka6 Qa2# 0-1

[Event "*** Titled Tuesday Blitz"]
[Site "Chess.com"]
[Date "2020.04.28"]
[Round "8"]
[White "realmadridtv"]
[Black "Efremov_Vlad"]
[Result "1/2-1/2"]
[WhiteElo "2304"]
[BlackElo "2155"]
[TimeControl "180+1"]
[EndTime "11:37:25 PDT"]
[Termination "Game drawn by repetition"]

1. d4 d5 2. c4 e6 3. g3 Nf6 4.
Bg2 dxc4 5. Qa4+ Nbd7 6. Qxc4 a6 7. Nf3 b5 8. Qc2 Bb7 9. O-O Be7 10. Bd2 O-O 11. Ba5 Nb6 12. Bxb6 cxb6 13. Nbd2 Rc8 14.
Qd3 Nd5 15. a3 b4 16. a4 Qe8 17. Ne5 f6 18. Nec4 b5 19. Na5 Ba8 20. axb5 Qxb5 21. Qxb5 axb5 22. Rfc1 Rfd8 23. Ndb3 Nb6 24. Bxa8 Rxa8 25.
Nc6 Rxa1 26. Rxa1 Rd7 27. Ra6 Nc4 28. Nb8 Rd6 29. Nc6 Rd7 30. Ra2 Kf7 31. e3 Rc7 32. Ra6 Nxb2 33. Nxe7 Rxe7 34. Rb6 Nd3 35. Rxb5 Rc7 36.
Nc5 Nxc5 37. dxc5 Ke7 38. Rxb4 Rxc5 39. Rb7+ Kf8 40. Kg2 e5 41. h4 Kg8 42. Kf3 Rc4 43. Ra7 h5 44. Rb7 Kh7 45. Rb2 Kh6 46. Ke2 Ra4 47. Kd3 Kg6 48. Kc3 Ra3+ 49. Kc4 Ra4+ 50. Kd5 Ra5+ 51. Ke4 Ra4+ 52. Kf3 Rc4 53. Rb7 Ra4 54. Rc7 Rb4 55. Kg2 Ra4 56. Rc2 Rb4 57.
f4 exf4 58. gxf4 Ra4 59. Kf3 Ra3 60. Rc5 Rb3 61. f5+ Kh7 62. Kf4 Rb4+ 63. e4 Ra4 64. Rc7 Ra1 65. e5 fxe5+ 66. Kg5 Rg1+ 67. Kxh5 Kg8 68. Re7 Re1 69. Re6 Kf7 70. Kg4 Rg1+ 71. Kf3 Rh1 72. Ke4 Rxh4+ 73. Kxe5 Rh1 74. Ra6 Re1+ 75.
Kf4 Rf1+ 76. Kg4 Rg1+ 77. Kf4 Rf1+ 78. Ke5 Re1+ 79. Kf4 Rf1+ 1/2-1/2

[Event "*** Titled Tuesday Blitz"]
[Site "Chess.com"]
[Date "2020.04.28"]
[Round "8"]
[White "bazar-wokzal"]
[Black "hedgehog280"]
[Result "1/2-1/2"]
[WhiteElo "2524"]
[BlackElo "2681"]
[TimeControl "180+1"]
[EndTime "11:37:28 PDT"]
[Termination "Game drawn - insufficient material"]

1. e4 c5 2. c3 g6 3. d4 d5 4. dxc5 dxe4 5. Qxd8+ Kxd8 6. Bc4 e6 7. Be3 Nd7 8. b4 Ngf6 9. Nh3 Nd5 10. Bd4 Rg8 11. Ng5 Ke8 12. Nxe4 Bg7 13. Nd6+ Ke7 14. Bxd5 exd5 15.
O-O Bxd4 16. cxd4 Rd8 17. Nc3 Nf6 18. Rfe1+ Kf8 19. Re5 Be6 20. f4 Rab8 21. h3 b6 22. Rb1 bxc5 23. bxc5 Rxb1+ 24. Nxb1 Rb8 25. Nc3 Rb4 26.
Ne2 Rb2 27. g4 Rxa2 28. f5 Bd7 29. Nf4 gxf5 30. Nxf5 a5 31. g5 Ne4 32. Rxd5 Bxf5 33. Rxf5 a4 34. c6 Rc2 35. c7 Nd6 36. Rd5 Ke7 37.
Rc5 Rxc5 38. dxc5 Nc8 39. Nd5+ Kd7 40. Kf2 a3 41. Nb4 Kxc7 42. Ke3 Ne7 43. Kd3 Nc6 44.
Nd5+ Kd7 45. Kc3 Ke6 46. Nf6 h6 47. Ne4 h5 48. Kb3 Kd5 49. Nf6+ Kxc5 50. Nxh5 Kd5 51. h4 Ke5 52. Ng3 Kf4 53. h5 Kxg5 54. Kxa3 Ne5 55.
Kb3 Kg4 56. Ne4 Kxh5 57. Kc3 Kg4 58. Kd4 Nf3+ 59. Ke3 Ng5 60. Nf6+ Kf5 61. Nd7 Ne6 62. Kf3 Kg6 63. Kg4 f5+ 64. Kf3 Kg5 65. Ne5 f4 66. Ke4 Nc5+ 67. Kf3 Kf5 68. Nf7 Ne6 69. Nd6+ Ke5 70. Nc4+ Kd4 71. Nd6 Kd5 72. Nf7 Kd4 73.
Nh6 Ke5 74. Nf7+ Kf5 75. Nd6+ Kg5 76. Ne4+ Kf5 77. Ng3+ Kf6 78. Ne2 Ke5 79. Nxf4 1/2-1/2

[Event "*** Titled Tuesday Blitz"]
[Site "Chess.com"]
[Date "2020.04.28"]
[Round "8"]
[White "viditchess"]
[Black "WoolworthsManly"]
[Result "1-0"]
[WhiteElo "2896"]
[BlackElo "2657"]
[TimeControl "180+1"]
[EndTime "11:37:29 PDT"]
[Termination "viditchess won by checkmate"]

1. d4 d5 2. c4 c6 3. Nf3 Nf6 4.
Nc3 a6 5. c5 Nbd7 6. Bf4 Nh5 7.
Bd2 Nhf6 8. g3 g6 9. Bg2 Bg7 10. O-O O-O 11. Qc2 Re8 12. Bf4 Nh5 13. Bg5 h6 14.
Bd2 Nhf6 15. Na4 Ne4 16. Bf4 f6 17. Nd2 Nxd2 18. Bxd2 f5 19. Bc3 e5 20. dxe5 Nxe5 21. Nb6 Rb8 22. Rad1 Qe7 23. Bd4 Nd7 24. Nxd7 Bxd7 25.
e3 Rbd8 26. b4 Bc8 27. a4 Bxd4 28. Rxd4 Kh7 29. b5 axb5 30. axb5 Bd7 31. Rb1 Ra8 32.
bxc6 bxc6 33. h4 Reb8 34. Rdb4 Rxb4 35. Rxb4 Be6 36. Qb2 Ra7 37. Rb8 Qg7 38. Qb6 Qc7 39.
Bf1 h5 40. Kg2 d4 41. exd4 Bd5+ 42. Kh2 Qg7 43. Bg2 Bxg2 44. Kxg2 Rd7 45. Qxc6 Qxd4 46. Rb7 Rxb7 47. Qxb7+ Kg8 48. Qc6 Kf7 49. Qc7+ Ke6 50.
Qc8+ Kf7 51. c6 Qe4+ 52. Kh2 Qd4 53. Qb7+ Kf6 54. Kg2 Qe4+ 55. Kf1 Qd3+ 56. Ke1 Qc3+ 57. Kd1 Qd4+ 58. Kc2 Qxf2+ 59. Kb3 Qxg3+ 60. Ka4 Qxh4+ 61. Ka5 Qe4 62. Kb6 Qb4+ 63. Ka7 Qa5+ 64. Kb8 Qd8+ 65. Ka7 Qa5+ 66. Kb8 Qd8+ 67. Qc8 Qxc8+ 68. Kxc8 h4 69. c7 h3 70. Kd7 h2 71. c8=Q h1=Q 72. Qd8+ Ke5 73.
Qc7+ Kf6 74. Qd8+ Kg7 75. Qe7+ Kh6 76. Qf8+ Kg5 77. Qd8+ Kg4 78. Ke6 Qe4+ 79. Kf6 f4 80.
Qd1+ f3 81. Qg1+ Kf4 82. Qg5# 1-0

[Event "*** Titled Tuesday Blitz"]
[Site "Chess.com"]
[Date "2020.04.28"]
[Round "8"]
[White "GMaka"]
[Black "Moon_stone123"]
[Result "1/2-1/2"]
[WhiteElo "2357"]
[BlackElo "2511"]
[TimeControl "180+1"]
[EndTime "11:37:30 PDT"]
[Termination "Game drawn - insufficient material"]

1. d4 Nf6 2. Bf4 e6 3. e3 d5 4. Nd2 c5 5. c3 Nc6 6. Ngf3 Be7 7. h3 O-O 8. Bd3 b6 9. O-O Bb7 10. Bh2 Rc8 11. Qe2 cxd4 12. exd4 Nd7 13. Rae1 Na5 14. Ne5 Nxe5 15. Bxe5 Re8 16. Qh5 g6 17. Qh6 Bf8 18. Qf4 Bg7 19. Bxg7 Kxg7 20. g4 Qc7 21. Qxc7 Rxc7 22. f4 Nc4 23. Nxc4 dxc4 24. Be4 Bxe4 25.
Rxe4 Rd7 26. Rfe1 Kf6 27. Re5 Red8 28. Kg2 Rd5 29. Kg3 Ke7 30. Kh4 h6 31. g5 h5 32.
f5 gxf5 33. Rxd5 Rxd5 34. Kxh5 Rd8 35. Kh4 Rg8 36. d5 Kd6 37. dxe6 fxe6 38. Kh5 Rh8+ 39. Kg6 Ke7 40. Rh1 f4 41. h4 f3 42. h5 Rg8+ 43.
Kh6 e5 44. g6 Kf6 45. Kh7 Rg7+ 46. Kh8 e4 47. Rd1 e3 48. Rd6+ Ke7 49. Kxg7 Kxd6 50.
h6 e2 51. h7 e1=Q 52. h8=Q Qe5+ 53. Kg8 Qxh8+ 54. Kxh8 f2 55. g7 f1=Q 56. g8=Q Qf6+ 57. Kh7 Qh4+ 58. Kg7 Qg5+ 59. Kf8 Qxg8+ 60. Kxg8 Ke7 61. Kg7 b5 62. a3 a5 63. Kg8 Ke6 64. Kf8 Ke5 65. Ke7 Ke4 66. Kd6 Kd3 67. Kc5 Kc2 68.
Kxb5 Kxb2 69. Kxc4 Kxa3 70. Kb5 a4 71. c4 Kb3 72. c5 a3 73. c6 a2 74. c7 a1=Q 75.
c8=Q Qf1+ 76. Kb6 Qf2+ 77. Qc5 Qf6+ 78. Kb5 Qf1+ 79. Ka5 Qe1+ 80. Ka6 Qe2+ 81. Ka7 Qc2 82. Qb5+ Kc3 83. Qc5+ Kd2 84. Qxc2+ Kxc2 1/2-1/2

[Event "*** Titled Tuesday Blitz"]
[Site "Chess.com"]
[Date "2020.04.28"]
[Round "8"]
[White "JLRHei"]
[Black "MFBerna"]
[Result "1-0"]
[WhiteElo "2309"]
[BlackElo "2432"]
[TimeControl "180+1"]
[EndTime "11:37:31 PDT"]
[Termination "JLRHei won by checkmate"]

1. d4 d5 2. c4 e6 3. Nf3 Be7 4. g3 Nf6 5. Bg2 O-O 6. O-O dxc4 7. Na3 a6 8. Nxc4 c5 9. dxc5 Qxd1 10. Rxd1 Bxc5 11. a3 Nc6 12. b4 Ba7 13. Bb2 b5 14. Nfe5 Nxe5 15. Nxe5 Nd5 16. Nc6 Bb7 17. Ne7+ Kh8 18.
Nxd5 exd5 19. Bxd5 Rab8 20. Bxb7 Rxb7 21. Rd6 Bb6 22.
Rad1 Kg8 23. Rd7 Rfb8 24. Kg2 Kf8 25. Kf3 f6 26. R7d5 Re8 27. Bd4 Bxd4 28. R1xd4 Ree7 29. Rd6 Ra7 30. Rb6 Kf7 31. Rdd6 Rec7 32. Rxa6 Rc3+ 33. Kf4 Rxa3 34. Rxa3 Rxa3 35. Rb6 Ra2 36. Kf3 Ra3+ 37. e3 h5 38. h4 Kg6 39. Rxb5 Ra2 40. Rb8 Rb2 41. b5 Ra2 42. b6 Rb2 43. Ke4 Rxf2 44. Kd5 Kf5 45. Re8 Rb2 46. Kc6 g5 47. b7 Kg4 48.
hxg5 fxg5 49. b8=Q Rxb8 50. Rxb8 Kxg3 51. Rf8 h4 52. e4 h3 53. e5 h2 54. Rh8 g4 55.
e6 Kg2 56. e7 h1=Q 57. Rxh1 Kxh1 58. e8=Q g3 59. Qh5+ Kg1 60. Qd1+ Kh2 61. Qd6 Kh1 62.
Qh6+ Kg1 63. Qh3 g2 64. Kd5 Kf2 65. Qf5+ Ke1 66. Qg4 Kf1 67. Qf4+ Ke1 68. Qg3+ Kf1 69. Qf3+ Kg1 70. Ke4 Kh2 71. Qh5+ Kg3 72. Qg5+ Kf2 73. Qf4+ Ke1 74. Qg3+ Kf1 75. Qf3+ Kg1 76. Ke3 Kh2 77. Qh5+ Kg3 78. Qf3+ Kh2 79. Qf4+ Kh1 80. Qh4+ Kg1 81. Kf3 Kf1 82. Qf2# 1-0

[Event "*** Titled Tuesday Blitz"]
[Site "Chess.com"]
[Date "2020.04.28"]
[Round "8"]
[White "tan275"]
[Black "Popopuiyt"]
[Result "1-0"]
[WhiteElo "2198"]
[BlackElo "2324"]
[TimeControl "180+1"]
[EndTime "11:37:32 PDT"]
[Termination "tan275 won by resignation"]

1. d4 Nf6 2. c4 g6 3. g3 Bg7 4. Bg2 O-O 5. Nc3 d6 6. Nf3 Nc6 7. h3 a6 8. Bg5 h6 9. Be3 Rb8 10.
Qd2 Kh7 11. Rc1 Na5 12. b3 b5 13. Nd5 c6 14. Nxf6+ exf6 15. cxb5 axb5 16. O-O Be6 17. Ne1 Qd7 18. Kh2 Ra8 19. Nd3 Rfc8 20. Nb4 d5 21.
Nd3 Nb7 22. Rc2 Ra6 23. Rfc1 g5 24. Nb4 Rb6 25. f4 Nd6 26. Nd3 Bf5 27. g4 Be4 28.
Nc5 Qe7 29. Nxe4 Nxe4 30. Qd3 Kg8 31. Bxe4 dxe4 32. Qd2 Bf8 33. f5 Qd6+ 34. Kg2 Ra6 35. d5 Rd8 36. Bc5 Qxd5 37. Qxd5 cxd5 38. Bxf8 Kxf8 39.
e3 d4 40. exd4 Rxd4 41. Rc8+ Kg7 42. R1c2 e3 43. Kf3 Rd2 44. Kxe3 Rxc2 45. Rxc2 b4 46. Kd4 Ra8 47. Kc4 Rc8+ 48. Kd3 Rd8+ 49. Ke3 Kf8 50.
Rc4 Rb8 51. Kd4 Ke7 52. Kc5 Ra8 53. Rxb4 Rxa2 54. Rb7+ Ke8 55. b4 Rh2 56. b5 Rxh3 57. b6 Rb3 58. Kc6 Rc3+ 59. Kd6 Rd3+ 60. Kc7 Rc3+ 61.
Kb8 Rc4 62. Rc7 Rxg4 63. b7 Rb4 64. Ka8 Ra4+ 65. Kb8 Kd8 66. Rc8+ Kd7 67. Rc7+ Kd8 68. Rc8+ Kd7 69. Rf8 Rb4 70. Rxf7+ Kd8 71. Ka7 Ra4+ 72. Kb6 Rb4+ 73. Ka7 Ra4+ 74. Kb6 Rb4+ 75. Kc6 g4 76. Rf8+ Ke7 77. b8=Q Rxb8 78. Rxb8 h5 79. Rh8 g3 80. Rg8 h4 81. Kd5 Kf7 82. Rg4 1-0

[Event "*** Titled Tuesday Blitz"]
[Site "Chess.com"]
[Date "2020.04.28"]
[Round "8"]
[White "Sjakkerntobi"]
[Black "DishonorOnYourCow"]
[Result "1-0"]
[WhiteElo "2204"]
[BlackElo "2291"]
[TimeControl "180+1"]
[EndTime "11:37:32 PDT"]
[Termination "Sjakkerntobi won on time"]

1. e4 c5 2. Nf3 d6 3. d4 cxd4 4. Qxd4 a6 5. c4 Nc6 6. Qd2 g6 7. Nc3 Bh6 8. Qd1 Bg7 9. Be2 Nf6 10. O-O O-O 11. Re1 Bg4 12. Qd2 Rc8 13. Rb1 Bxf3 14. Bxf3 Ne5 15. Be2 Nxc4 16. Bxc4 Rxc4 17. b3 Rc8 18.
Bb2 Qa5 19. Rbd1 Nd7 20. Nd5 Qd8 21. Bxg7 Kxg7 22. Qd4+ Kg8 23. f4 Rc2 24. a4 Nc5 25.
Ne3 Ne6 26. Qd3 Rc6 27. Nd5 Nc7 28. f5 Nxd5 29. exd5 Qb6+ 30. Kh1 Rc7 31. Qh3 Qb4 32. Re3 Rfc8 33. Qf3 Rc1 34. h3 Qd2 35. Ree1 Rxd1 36.
Rxd1 Qc3 37. Rd3 Qe1+ 38. Kh2 Qe5+ 39. Qg3 Qxf5 40. Rf3 Qe5 41. Qxe5 dxe5 42. Re3 f6 43. Kg3 Rc5 44. Rd3 Kf7 45. Kf3 f5 46. Ke3 e4 47.
Rd2 Rc3+ 48. Kd4 Rxb3 49. Ke5 e3 50. Re2 Rd3 51. g4 fxg4 52. hxg4 Ra3 53. g5 Rxa4 54.
Rxe3 Rb4 55. Rh3 Kg7 56. Re3 Rb6 57. Rc3 h6 58. Rc7 hxg5 59. Rxe7+ Kf8 60. Rc7 g4 61. Rc4 Ke7 62. Rxg4 a5 63. Rh4 a4 64. Rh7+ Ke8 65. d6 Rb1 66. Rh8+ Kd7 67. Rh7+ Kd8 68. Rh8+ Kd7 69. Rh7+ Kc6 70. Rc7+ Kb6 71. Rc4 Re1+ 72. Kf6 Rd1 73. Ke7 a3 74. Ra4 Rd3 75. d7 Kb5 76. Ra7 Kb4 77. Rxb7+ Kc3 78. Rc7+ Kb2 79. Rb7+ Ka1 80.
Rb3 Rd4 81. Rxa3+ Kb2 82. Rg3 Kc2 83. Rxg6 Re4+ 84. Re6 Rd4 85. Rd6 Re4+ 86. Kf6 Rf4+ 87. Ke5 Rf8 88. d8=Q Rxd8 89. Rxd8 1-0

[Event "*** Titled Tuesday Blitz"]
[Site "Chess.com"]
[Date "2020.04.28"]
[Round "8"]
[White "GMMarcinDziuba"]
[Black "MikaelyanArman"]
[Result "1-0"]
[WhiteElo "2624"]
[BlackElo "2741"]
[TimeControl "180+1"]
[EndTime "11:37:33 PDT"]
[Termination "GMMarcinDziuba won by checkmate"]

1. e4 e5 2. Nf3 Nc6 3. Bc4 Bc5 4. d3 Nf6 5. Nbd2 a6 6. a4 d6 7. c3 O-O 8. h3 Be6 9. Bxe6 fxe6 10. Nf1 d5 11.
Ng3 dxe4 12. Nxe4 Nxe4 13. dxe4 Qxd1+ 14. Kxd1 Bxf2 15. Ke2 Bc5 16. b4 Bd6 17. Be3 h6 18. h4 Ne7 19. h5 Kh7 20. Rab1 Ng8 21. c4 c6 22. c5 Bc7 23. Rh4 Nf6 24. Nd2 Bd8 25.
Nc4 Nd5 26. exd5 exd5 27. Rg4 dxc4 28. Rxc4 Bf6 29. g4 Rfd8 30. Rc2 Rd5 31. b5 axb5 32.
axb5 Ra3 33. bxc6 bxc6 34. Rb6 Rdd3 35. Bf2 e4 36. Rxc6 Bg5 37. Re6 e3 38. Be1 Rd4 39.
c6 Rxg4 40. Kf3 Rf4+ 41. Kg2 Rg4+ 42. Kf1 Ra8 43. c7 Rf8+ 44. Ke2 Rg2+ 45. Kd3 Rxc2 46. Kxc2 Rc8 47. Bg3 Bd8 48. Rc6 Bf6 49. Kd3 Kg8 50. Kxe3 Kf7 51. Ke4 Ke7 52. Kd5 Kd7 53. Rd6+ Ke7 54. Re6+ Kd7 55. Rc6 Ke7 56. Rc4 Kd7 57. Rc2 Ke7 58. Kc6 Ke6 59. Kb7 Re8 60.
c8=Q+ Rxc8 61. Kxc8 Kf5 62. Kd7 Kg4 63. Bd6 Kxh5 64.
Ke6 Bd4 65. Kf5 g6+ 66. Kf4 g5+ 67. Kf5 Bg1 68. Rg2 Kh4 69. Rxg1 Kh3 70. Rh1+ Kg2 71. Rxh6 g4 72. Rg6 Kf3 73. Rxg4 Ke2 74. Rf4 Kd3 75. Re4 Kc2 76. Ke5 Kd2 77. Kd5 Kd3 78. Bf8 Kc2 79.
Rd4 Kb3 80. Rc4 Kb2 81. Kd4 Kb1 82. Rc3 Ka2 83. Kd3 Kb1 84. Kd2 Ka2 85. Kc2 Ka1 86. Ra3# 1-0

[Event "*** Titled Tuesday Blitz"]
[Site "Chess.com"]
[Date "2020.04.28"]
[Round "8"]
[White "White_Ghost"]
[Black "leoduarte"]
[Result "0-1"]
[WhiteElo "2433"]
[BlackElo "2309"]
[TimeControl "180+1"]
[EndTime "11:37:46 PDT"]
[Termination "leoduarte won by checkmate"]

1. d4 Nf6 2. c4 c5 3. d5 b5 4.
cxb5 a6 5. bxa6 g6 6. Nc3 Bxa6 7.
Nf3 d6 8. g3 Nbd7 9. Bg2 Bg7 10. O-O O-O 11. Rb1 Qa5 12. Bd2 Ng4 13. Qc2 Nge5 14. a4 Nxf3+ 15. Bxf3 Ne5 16. Bg2 Nc4 17.
Be1 Qb6 18. Be4 Rfb8 19. Bd3 Qb3 20. Qc1 Nxb2 21. Bc2 Qa3 22. Ra1 Qb4 23. Nd1 Qg4 24. f3 Qh3 25. Nc3 Nc4 26. Rb1 Bd4+ 27. Bf2 Bxc3 28. Bd3 Na5 29. Qxc3 Bxd3 30. Qxd3 Qf5 31. e4 Qf6 32. Rb5 Rxb5 33. Qxb5 Qc3 34. Kg2 Nc4 35.
Rd1 Nb2 36. Rb1 Nxa4 37. Be1 Qc2+ 38. Kg1 Nc3 39. Bxc3 Qxc3 40. Qb3 Qxb3 41. Rxb3 Ra2 42. Rb7 Kf8 43. Rc7 h5 44. h3 Rc2 45. Rc8+ Kg7 46. f4 Kf6 47. Rc7 Rc4 48. e5+ dxe5 49. fxe5+ Kxe5 50. Rxe7+ Kf6 51. Rc7 Rc2 52. d6 Ke6 53. d7 Ke7 54.
Kf1 Kd8 55. Rb7 c4 56. Ke1 c3 57. Kd1 Rg2 58. Rb8+ Kxd7 59. Rb7+ Ke6 60. Rb6+ Ke5 61. Rb5+ Ke4 62. Rb4+ Kf3 63. Rc4 Rxg3 64. Rxc3+ Kg2 65. Rc2+ Kxh3 66. Ke1 f5 67. Kf1 f4 68. Rc6 g5 69. Rh6 Kg4 70. Rc6 Rf3+ 71. Kg2 Re3 72. Kf2 Rd3 73. Rc5 Rd2+ 74. Kg1 Ra2 75. Rb5 h4 76.
Kh1 f3 77. Kg1 Rc2 78. Ra5 Kf4 79. Kf1 g4 80. Kg1 Rc1+ 81. Kf2 g3# 0-1

[Event "*** Titled Tuesday Blitz"]
[Site "Chess.com"]
[Date "2020.04.28"]
[Round "8"]
[White "kinga2008"]
[Black "tteshan"]
[Result "1/2-1/2"]
[WhiteElo "2107"]
[BlackElo "2227"]
[TimeControl "180+1"]
[EndTime "11:37:48 PDT"]
[Termination "Game drawn - insufficient material"]

1. e4 d5 2. exd5 Qxd5 3. Nc3 Qa5 4.
d4 c6 5. Nf3 Nf6 6. Bc4 Bg4 7.
O-O e6 8. Bd2 Qc7 9. h3 Bh5 10.
Be2 Bd6 11. Re1 Nbd7 12. Bg5 h6 13. Be3 O-O 14. Qd2 Rfe8 15. Bxh6 gxh6 16. Qxh6 Bf8 17. Qg5+ Bg7 18. Ne5 Bxe2 19. Rxe2 Nh7 20. Qh5 Ndf6 21.
Qh4 c5 22. dxc5 Qxc5 23. Re3 Rad8 24. Nxf7 Kxf7 25. Ne4 Nxe4 26. Qxe4 Nf6 27. Qxb7+ Rd7 28. Qf3 Red8 29. Rae1 Rd6 30. Rc3 Qb6 31. Qg3 Kg8 32.
Re5 Rd1+ 33. Kh2 R1d5 34. Rce3 Rxe5 35. Rxe5 Qd6 36. f4 Nd5 37. Rg5 Qe7 38. Rh5 Rf8 39.
f5 Qc7 40. Qxc7 Nxc7 41. fxe6 Nxe6 42. Ra5 Nf4 43. b3 Bb2 44. Rxa7 Be5 45. g3 Nd5 46. Ra5 Rf2+ 47. Kg1 Ne3 48. Rxe5 Re2 49. Rg5+ Kh7 50. c4 Kh6 51. Re5 Kg6 52. Re4 Kf5 53.
Rf4+ Ke5 54. h4 Rxa2 55. h5 Rg2+ 56. Kh1 Rxg3 57. Rh4 Ng4 58. h6 Nf2+ 59. Kh2 Rg8 60. h7 Rh8 61. Kg2 Ne4 62. Kf3 Nd2+ 63. Ke3 Nxb3 64.
Rh5+ Kd6 65. Ke4 Nc5+ 66. Kd4 Ne6+ 67. Ke4 Ng7 68. Rh6+ Kc5 69. Ke5 Kxc4 70. Kf6 Ne8+ 71. Ke7 Kd5 72. Kf7 Ke5 73. Re6+ Kf5 74. Rh6 Kg5 75.
Rh1 Nf6 76. Rg1+ Kf5 77. Rf1+ Kg5 78. Rg1+ Ng4 79. Kg7 Ra8 80. h8=Q Rxh8 81. Kxh8 Kf4 82. Kg7 Kf3 83. Ra1 Ne3 84. Ra3 Kf2 85. Kf6 Ke2 86.
Ke5 Nc4+ 87. Kd5 Nxa3 1/2-1/2

[Event "*** Titled Tuesday Blitz"]
[Site "Chess.com"]
[Date "2020.04.28"]
[Round "8"]
[White "Suleyman_Chess06"]
[Black "silverback96"]
[Result "1/2-1/2"]
[WhiteElo "2370"]
[BlackElo "2132"]
[TimeControl "180+1"]
[EndTime "11:37:49 PDT"]
[Termination "Game drawn - insufficient material"]

1. d4 Nf6 2. Nf3 c5 3. c3 g6 4. Bf4 Bg7 5. e3 d5 6. Be2 O-O 7. h3 Nc6 8. Nbd2 Re8 9. O-O Nd7 10. Bh2 e5 11. dxe5 Ndxe5 12. Nxe5 Nxe5 13. Nf3 Bf5 14.
Nxe5 Bxe5 15. Bxe5 Rxe5 16. Bf3 Be4 17. Bxe4 dxe4 18.
Qb3 Rd5 19. Rfd1 c4 20. Rxd5 Qxd5 21. Rd1 cxb3 22. Rxd5 bxa2 23. Ra5 Rd8 24. Rxa2 Rd1+ 25. Kh2 a6 26. Kg3 Rd2 27. c4 Rc2 28. Ra3 Rxb2 29.
c5 Rc2 30. Rb3 Rxc5 31. Rxb7 Rc2 32. Re7 f5 33. Ra7 Ra2 34. f3 a5 35. fxe4 fxe4 36.
Kf4 a4 37. Kxe4 Rxg2 38. Rxa4 Rg3 39. Kf4 Rxh3 40. Ra7 Rh4+ 41. Kg5 Re4 42. Kf6 Re8 43. Rg7+ Kh8 44. Ra7 Rf8+ 45. Kg5 Rf5+ 46. Kg4 Kg8 47. e4 Rf7 48. Ra8+ Kg7 49. e5 Re7 50. Kf4 Rb7 51.
Ra6 h6 52. Kg3 h5 53. Rc6 Rb4 54. Rc7+ Kh6 55. e6 Kg5 56. e7 Rb8 57. Rc5+ Kf6 58. Rc6+ Kf7 59. Kh4 Re8 60. Kg5 Rxe7 61. Rf6+ Kg7 62.
Rxg6+ Kh7 63. Rh6+ Kg7 64. Rxh5 Re5+ 65. Kg4 Rxh5 66.
Kxh5 1/2-1/2

[Event "*** Titled Tuesday Blitz"]
[Site "Chess.com"]
[Date "2020.04.28"]
[Round "8"]
[White "kingnb"]
[Black "KrolPawel92OnTwitch"]
[Result "1/2-1/2"]
[WhiteElo "2486"]
[BlackElo "2657"]
[TimeControl "180+1"]
[EndTime "11:37:54 PDT"]
[Termination "Game drawn by repetition"]

1. d4 Nf6 2. Nf3 b6 3. e3 e6 4.
Bd3 Bb7 5. O-O Be7 6. c4 O-O 7. Nc3 d5 8. Qc2 h6 9. b3 dxc4 10. bxc4 c5 11. Bb2 cxd4 12. Nxd4 Nc6 13. Nxc6 Bxc6 14.
Rad1 Qc8 15. Nb5 Qb7 16. f3 Rac8 17. Nd4 Bd7 18. Qe2 Rfd8 19. Bb1 Bc5 20. Kh1 Qa6 21. Rc1 Be7 22. Rfd1 Ba4 23. Rd2 Bb4 24. Rd3 Rxc4 25. Nc6 Rxc1+ 26. Bxc1 Rxd3 27. Bxd3 Qc8 28. Nxb4 Qxc1+ 29. Qf1 Qxe3 30. h3 a5 31. Nc2 Bxc2 32. Bxc2 g6 33. Qb1 Kg7 34. Qb2 Qd2 35. Qb1 Nd5 36.
Qa1+ Qc3 37. Qd1 Ne3 38. Qd3 Qe1+ 39. Kh2 Nf1+ 40. Kg1 Ng3+ 41. Kh2 Ne2 42. Qe3 Qg3+ 43. Kh1 Nf4 44. Qd4+ Kh7 45. Qd2 Nd5 46. Be4 Qe5 47.
Bxd5 Qxd5 48. Qb2 b5 49. Qf6 Qf5 50. Qd8 Qb1+ 51. Kh2 Qxa2 52. Qd7 Kg7 53. Qxb5 Qd5 54. Qa4 h5 55. Qa1+ Kh7 56. Qf6 e5 57. Qa6 h4 58.
Qf6 Kg8 59. Qxh4 Qb3 60. Qd8+ Kg7 61. Qxa5 Qe6 62. Qe1 f5 63. Kg1 g5 64. Qd2 Kg6 65. Qc2 Qb6+ 66. Kh2 Qd6 67. g4 e4+ 68. Kg2 e3 69.
Qxf5+ Kh6 70. Qe4 Qd2+ 71. Kh1 Qe1+ 72. Kh2 Qf2+ 73. Kh1 Qe1+ 74. Kh2 Qd2+ 75. Kh1 Qc1+ 76. Kh2 Qb2+ 77. Kh1 e2 78. Qe6+ Kg7 79. Qe7+ Kh8 80.
Qe8+ Kg7 81. Qe7+ Kg6 82. Qe6+ Kg7 83. Qe7+ 1/2-1/2

[Event "*** Titled Tuesday Blitz"]
[Site "Chess.com"]
[Date "2020.04.28"]
[Round "8"]
[White "EddieMarsalla"]
[Black "WelshTiger"]
[Result "1/2-1/2"]
[WhiteElo "2515"]
[BlackElo "2351"]
[TimeControl "180+1"]
[EndTime "11:38:01 PDT"]
[Termination "Game drawn by repetition"]

1. d4 Nf6 2. Bg5 e6 3. Nd2 Be7 4. c3 c5 5. e3 b6 6. f4 h6 7. Bh4 Bb7 8. Ngf3 d6 9. Bc4 Nbd7 10.
Qe2 Ne4 11. Bg3 Ndf6 12. O-O O-O 13. Rae1 a6 14. Bd3 Nxd2 15. Nxd2 d5 16. f5 exf5 17.
Rxf5 Ne4 18. Nxe4 dxe4 19. Bc4 b5 20. Bb3 c4 21. Bc2 Bd6 22. Ref1 Bxg3 23. hxg3 f6 24.
Qg4 Qe7 25. R1f4 Rae8 26. d5 Bc8 27. Rxe4 Qc5 28. Qf3 Bxf5 29. Qxf5 Rxe4 30. Bxe4 Qxe3+ 31. Kh2 Qg5 32. Qe6+ Kh8 33. d6 f5 34. Bf3 f4 35.
gxf4 Qxf4+ 36. Kg1 Qf6 37. Qd5 Rd8 38. d7 Qe7 39. Bg4 g6 40. Bh3 h5 41. Qd4+ Kh7 42. Qb6 Rxd7 43. Bxd7 Qxd7 44. Qxa6 h4 45. Kh2 g5 46.
Qb6 g4 47. Qc5 g3+ 48. Kh1 Qd1+ 49. Qg1 Qc2 50. Qa1 Kh6 51. b3 cxb3 52. axb3 Qxb3 53. Qc1+ Kg6 54. Qe1 Qc2 55. Qe6+ Kg5 56. Qg8+ Kf4 57. Qf7+ Ke3 58. Qe7+ Kd2 59. Qd6+ Kxc3 60. Qc5+ Kd2 61. Qd4+ Kc1 62. Qf4+ Kb1 63. Qb4+ Qb2 64. Qe4+ Ka2 65. Qa8+ Kb3 66. Qg8+ Kb4 67. Qf8+ Ka4 68. Qa8+ Kb3 69.
Qg8+ Kc2 70. Qh7+ Kc1 71. Qxh4 Qf2 72. Qg5+ Kb2 73. Qxb5+ Kc3 74. Qa5+ Kd3 75. Qa1 Qf4 76. Qd1+ Kc3 77. Qa1+ Kc2 78. Qa2+ Kc3 79. Qa3+ Kd2 80. Qb2+ Ke1 81. Qc3+ Ke2 82. Qc2+ Kf1 83. Qd1+ Kf2 84. Qc2+ Ke1 85. Qc3+ Kd1 86. Qd3+ Kc1 87. Qc3+ Kb1 88.
Qb3+ Kc1 89. Qc3+ Kd1 90. Qd3+ Ke1 91. Qc3+ 1/2-1/2

[Event "*** Titled Tuesday Blitz"]
[Site "Chess.com"]
[Date "2020.04.28"]
[Round "8"]
[White "zajka-molotok"]
[Black "annamaja"]
[Result "0-1"]
[WhiteElo "2360"]
[BlackElo "2231"]
[TimeControl "180+1"]
[EndTime "11:38:32 PDT"]
[Termination "annamaja won by resignation"]

1. d4 Nf6 2. c4 e6 3. Nc3 Bb4 4. e3 O-O 5. Bd3 b6 6. Ne2 Bb7 7. O-O d6 8. e4 Nbd7 9. a3 Bxc3 10. Nxc3 e5 11. d5 Nc5 12. Bc2 a5 13. Be3 Ba6 14.
b4 axb4 15. axb4 Ncd7 16. Bd3 Qe7 17. Qe2 h6 18. Ra2 Bb7 19. Rfa1 Rxa2 20. Rxa2 Ra8 21.
Nb5 Qd8 22. h3 Ne8 23. Qb2 Rxa2 24. Qxa2 Qa8 25. Qxa8 Bxa8 26. Bc2 c6 27. dxc6 Bxc6 28. Na7 Bb7 29. Ba4 Nef6 30. f3 Kf8 31. Kf2 Ke7 32. h4 Ba6 33. Bb5 Bxb5 34. Nxb5 Ne8 35. g4 Kd8 36. g5 hxg5 37. hxg5 g6 38. Nc3 Kc7 39. Nd5+ Kb7 40. Ke2 Ng7 41. Kd3 Ne6 42.
Nc3 Nd8 43. Nb5 Kc6 44. Kc3 Ne6 45. Na7+ Kb7 46. Nb5 Kc6 47. Bd2 Ndf8 48. Kd3 Nh7 49.
Na7+ Kd7 50. Be3 Kc7 51. Nb5+ Kc6 52. Na7+ Kb7 53. Nb5 Kc6 54. Nc3 Nhxg5 55. Nd5 Nxf3 56. b5+ Kb7 57. Nxb6 g5 58. Nd5 g4 59. Bf2 Nfd4 60.
Nf6 Nf4+ 61. Ke3 Nde6 62. Nxg4 Kb6 63. Kd2+ Kc7 64. Kc3 Nc5 65. Nf6 Nce6 66. Nd5+ Nxd5+ 67. cxd5 Nf4 68. b6+ Kb7 69. Be3 Ng2 70. Bf2 Nf4 71.
Kd2 Ng6 72. Ke3 Ne7 73. Kf3 Nc8 74. Kg4 Nxb6 75. Kf5 Nc4 76. Kf6 Nd2 77. Kf5 Kc7 78.
Be3 Nc4 79. Bc1 Kd7 80. Kf6 Ke8 81. Kg7 Na5 82. Kf6 Nc4 83. Kf5 Ke7 84. Bf4 exf4 85. Kxf4 Ne5 86. Kf5 Nd3 87. Kg5 Nc5 88. Kf5 f6 89.
Kf4 Kf7 90. Kf5 Ke7 91. Kf4 Nb3 92. Kf5 Nd4+ 93. Kf4 Kf7 94. Ke3 Nb5 95. Kf4 Kg6 96. Kg4 Nc3 97. Kf4 Nd1 98. Kg4 Nf2+ 99. Kf4 Nd3+ 100.
Ke3 Ne5 101. Kf4 Nd3+ 102. Ke3 Nc5 103. Kf4 Nxe4 104. Kxe4 f5+ 105. Kf4 Kf6 106. Kf3 Ke5 107. Ke3 Kxd5 108. Kf4 Kc4 109. Kxf5 d5 0-1